 Dungeon Crawl Stone Soup version 0.22.1-2-g9c5b331 (webtiles) character file.

298 MalarOregon the Chiller (level 6, -4/46 HPs)
             Began as a Merfolk Ice Elementalist on Nov 16, 2018.
             Killed from afar by an orc wizard (6 damage)
             ... with a magic dart
             ... on level 5 of the Dungeon.
             The game lasted 00:07:11 (4334 turns).

MalarOregon the Chiller (Merfolk Ice Elementalist)  Turns: 4334, Time: 00:07:12

Health: -4/46      AC:  5    Str:  9    XL:     6   Next: 35%
Magic:  10/10      EV: 14    Int: 16    God:
Gold:   148        SH:  0    Dex: 14    Spells: 8/11 levels left

rFire    . . .     SeeInvis .   j - +2 dagger (venom)
rCold    . . .     Gourm    .   (no shield)
rNeg     . . .     Faith    .   a - +0 robe
rPois    .         Spirit   .   (no helmet)
rElec    .         Reflect  .   (no cloak)
rCorr    .         Harm     .   (no gloves)
MR       .....                  q - +2 pair of boots
Stlth    ++........             (no amulet)
HPRegen  0.15/turn              (no ring)
MPRegen  0.12/turn              (no ring)

@: no status effects
A: change form in water, swift swim, stealthy swim
a: no special abilities


You were on level 5 of the Dungeon.
You were hungry.

You visited 1 branch of the dungeon, and saw 5 of its levels.

You collected 148 gold pieces.

Inventory:

Hand Weapons
 j - a +2 dagger of venom (weapon)
   (You took it off a goblin on level 2 of the Dungeon)
 t - a +0 halberd
   (You took it off a gnoll on level 4 of the Dungeon)
Missiles
 u - 3 throwing nets (quivered) {!f}
Armour
 a - a +0 robe (worn)
 q - a +2 pair of boots (worn)
   (You found it on level 4 of the Dungeon)
Scrolls
 c - 6 scrolls of identify {unknown}
 f - 2 scrolls of remove curse {unknown}
 g - 3 scrolls of fear {unknown}
 k - a scroll of enchant armour {unknown}
 l - 2 scrolls of amnesia {unknown}
 o - 2 scrolls of teleportation {unknown}
 p - a scroll of magic mapping {unknown}
 r - a scroll of fog {unknown}
Potions
 b - 3 potions of brilliance {unknown}
 d - 3 potions of flight {unknown}
 h - 2 potions of agility {unknown}
 i - a potion of lignification {unknown}
 m - a potion of degeneration {unknown}
 n - a potion of cancellation {unknown}
 s - a potion of heal wounds {unknown}
Comestibles
 e - 12 rations {!d}


   Skills:
 + Level 2.9 Fighting
 + Level 1.8 Polearms
 + Level 4.5 Dodging
 - Level 2.1 Stealth
 + Level 3.2 Spellcasting
 + Level 1.2 Conjurations
 + Level 4.6 Ice Magic


You had 8 spell levels left.
You knew the following spells:

 Your Spells              Type           Power        Failure   Level  Hunger
a - Freeze                Ice            ###.         2%          1    None
x - Throw Frost           Conj/Ice       ##....       9%          2    ##.....

Your spell library contained the following spells:

 Spells                   Type           Power        Failure   Level  Hunger
 Ozocubu's Armour         Chrm/Ice       ##......     22%         3    ###....
 Throw Icicle             Conj/Ice       ##......     47%         4    ####...
 Summon Ice Beast         Ice/Summ       ##......     56%         4    ####...


Dungeon Overview and Level Annotations

Branches:
Dungeon (5/15)
 Temple: D:4-7

Altars:
Sif Muna
Vehumet
The Shining One

Annotations:
D:3 2 transporters, 3 runed doors, Sharpo's ghost, amateur GrFi


Message History

You closely miss the shadow imp. The shadow imp closely misses you.
The orc wizard shouts!
The orc shouts!
You hit the shadow imp but do no damage.
You hear a shout! x2
The shadow imp hits you.
You hit the shadow imp.
The orc wizard casts a spell.
The orc wizard blinks!
The shadow imp closely misses you.
You closely miss the shadow imp.
An iguana comes into view.
The shadow imp misses you.
The iguana hisses angrily.
You hit the shadow imp but do no damage.
The shadow imp closely misses you.
You barely miss the shadow imp. The shadow imp barely misses you.
An orc wizard comes into view. It is wielding a dagger.
You hit the shadow imp.
The orc wizard gestures wildly while chanting.
The orc wizard seems to speed up.
The shadow imp barely misses you.
You hit the shadow imp.
The shadow imp is poisoned.
The orc closely misses you. The shadow imp gestures at you.
Pain shoots through your body!
You closely miss the shadow imp. The orc closely misses you.
The orc wizard gestures at you while chanting.
The magic dart hits you!
* * * LOW HITPOINT WARNING * * *
The shadow imp hits you.
* * * LOW HITPOINT WARNING * * *
The orc wizard casts a spell.
The orc wizard blinks!
The orc closely misses you. The shadow imp gestures at you.
Pain shoots through your body!
* * * LOW HITPOINT WARNING * * *
You barely miss the orc. The orc hits you with a flail.
* * * LOW HITPOINT WARNING * * *
You kill the shadow imp!
The orc wizard mumbles some strange words.
The orc wizard flickers and vanishes!
Deactivating autopickup; reactivate with Ctrl-A.
You are feeling hungry.
The orc wizard casts a spell.
The orc wizard blinks!
The orc wizard mumbles some strange words.
The orc wizard blinks!
The orc wizard barely misses you. The orc wizard closely misses you.
The orc hits you with a flail.
* * * LOW HITPOINT WARNING * * *
The orc wizard gestures at you while chanting.
The magic dart hits you!
You die...

#.# .#####.## ## ........#
#####.# . ........# #......
. #..####.###.####
..#######........##.##..
..........#####..##.##.#
..#######.# #..##.##.#
..$.......# #.@..)##.#
#...#####.#####o###.##.#
...........{.o.l###.##.#
....#####......o.......#####
...##
###########........###.# ...
......#####.....# #..
####.># #.###### #.. #..#
#....... #.. #..# #.######


You could see an iguana, an orc wizard and 2 orcs.

Vanquished Creatures
  An orc priest (D:3)
  An orc wizard (D:4)
  A bullfrog skeleton (D:4)
  A hound skeleton (D:4)
  4 gnolls
  3 adders (D:3)
  A shadow imp (D:5)
  2 oozes
  4 worms
  3 leopard geckos
  7 orcs
  2 ball pythons
  2 giant cockroaches
  17 goblins
  12 hobgoblins
  6 jackals
  7 bats
  14 frilled lizards (D:1)
  5 kobolds
  12 rats
105 creatures vanquished.

Notes
Turn   | Place    | Note
-------+----------+-------------------------------------------
     0 | D:1      | MalarOregon the Merfolk Ice Elementalist began the quest
                  | for the Orb.
     0 | D:1      | Reached XP level 1. HP: 13/13 MP: 3/3
   256 | D:1      | Reached XP level 2. HP: 17/20 MP: 1/5
   415 | D:1      | Reached skill level 1 in Fighting
   438 | D:1      | Reached XP level 3. HP: 23/26 MP: 0/6
  1043 | D:2      | Found a faded altar of an unknown god.
  1137 | D:2      | Learned a level 2 spell: Throw Frost
  1507 | D:2      | Reached XP level 4. HP: 25/32 MP: 3/7
  2117 | D:3      | Found a transporter.
  2147 | D:3      | Found a radiant altar of Vehumet.
  2223 | D:3      | Found a runed gate.
  2224 | D:3      | Found a runed gate.
  2225 | D:3      | Found a runed gate.
  2243 | D:3      | Noticed Sharpo's ghost (amateur GrFi)
  2393 | D:3      | Found a transporter.
  2435 | D:3      | Reached XP level 5. HP: 32/38 MP: 9/9
  2848 | D:3      | Found a glowing golden altar of the Shining One.
  2848 | D:3      | Found a deep blue altar of Sif Muna.
  3150 | D:4      | Reached skill level 1 in Polearms
  3150 | D:4      | Reached skill level 1 in Conjurations
  3436 | D:4      | Reached XP level 6. HP: 43/46 MP: 10/10
  4270 | D:5      | Entered Level 5 of the Dungeon
  4332 | D:5      | HP: 1/46 [orc/flail (3)]
  4334 | D:5      | Killed from afar by an orc wizard

Skill      XL: |  1  2  3  4  5 |
---------------+----------------+-----
Dodging        | 3 4 |  4.5
Fighting       | 1 2 |  2.9
Ice Magic      | 4 |  4.6
Spellcasting   | 3 |  3.2
Polearms       | 1 |  1.8
Conjurations   | 1 |  1.2
Stealth        | |  2.1

Action                   |  1- 3 |  4- 6 || total
-------------------------+-------+-------++-------
Melee: Unarmed           |    42 |    41 ||    83
       Dagger            |       |   123 ||   123
 Cast: Freeze            |    66 |    34 ||   100
       Throw Frost       |       |     8 ||     8
 Stab: Sleeping          |     2 |     4 ||     6
  Eat: Chunk             |     3 |     9 ||    12
Armor: Robe              |    13 |    28 ||    41
Dodge: Dodged            |    58 |   171 ||   229
